 Dungeon Crawl Stone Soup version 0.18-a0-1774-gce1f7b6 (webtiles) character file.

21 M4edhros the Sneak (level 2, -8/18 HPs)
             Began as an Octopode Artificer on Apr 15, 2016.
             Mangled by Sigmund
             ... wielding a +0 scythe
              (15 damage)
             ... on level 2 of the Dungeon.
             The game lasted 00:00:35 (509 turns).

M4edhros the Sneak (Octopode Artificer)              Turns: 509, Time: 00:00:35

Health: -8/18      AC:  1    Str: 10    XL:     2   Next: 83%
Magic:  4/4        EV: 12    Int: 19    God:
Gold:   14         SH:  0    Dex: 12    Spells: 0 memorised, 1 level left

rFire  . . .     SeeInvis .     i - -1 dagger (curse)
rCold  . . .     Gourm    .     (no shield)
rNeg   . . .     Faith    .     (helmet restricted)
rPois  .         Spirit   .     (no amulet)
rElec  .         Dismiss  .     (no ring)
rCorr  .         Reflect  .     (no ring)
SustAt .         Harm     .     (no ring)
MR     .....                    (no ring)
Stlth  ++........               (no ring)
                                (no ring)
                                (no ring)
                                (no ring)

@: confused, brilliant, not resistant to hostile enchantments, unstealthy
A: almost no armour, amphibious, 8 rings, constrict 8, camouflage 1, gelatinous
body 1
a: no special abilities


You were on level 2 of the Dungeon.
You were not hungry.

You visited 1 branch of the dungeon, and saw 2 of its levels.

You collected 14 gold pieces.

Inventory:

Hand Weapons
 a - a +0 short sword
 i - a cursed -1 dagger (weapon)
Wands
 b - a wand of flame (15/48)
 c - a wand of enslavement (15/24)
 d - a wand of random effects (13/48)
Comestibles
 f - 2 bread rations
 g - a meat ration


   Skills:
 - Level 1.0 Fighting
 - Level 1.0 Short Blades
 - Level 2.0 Dodging
 + Level 3.9 Stealth
 - Level 3.2 Evocations


You had one spell level left.
You didn't know any spells.

Dungeon Overview and Level Annotations

Branches:
Dungeon (2/15)

Altars:

Annotations:
D:1 1 runed door
D:2 Sigmund


Innate Abilities, Weirdness & Mutations

You cannot wear most types of armour.
You are amphibious.
You can wear up to eight rings at the same time.
You can use your tentacles to constrict eight enemies at once.
Your skin changes colour to match your surroundings (Stealth).
Your rubbery body absorbs attacks (AC +1).


Message History

Evoke which item? (* to show all) (? for menu, Esc to quit)
Zapping:
d - a wand of random effects (14/48)
Press: ? - help, Shift-Dir - straight line, f/p - Sigmund
Aim: Sigmund, wielding a scythe and wearing a robe (moderately wounded)
The puff of flame misses Sigmund.
This wand has 13 charges left.
Sigmund gestures at you while chanting.
You are confused.
Evoke which item? (* to show all) (? for menu, Esc to quit)
Zapping:
d - a wand of random effects (13/48)
Press: ? - help, Shift-Dir - straight line, f/p - Sigmund
Aim: Sigmund, wielding a scythe and wearing a robe (moderately wounded)
Okay, then.
Drink which item? (? for menu, Esc to quit)
It was a potion of brilliance.
You feel clever all of a sudden. Sigmund hits you with a scythe!
Ouch! That really hurt!
You're too confused to move!
Sigmund hits you with a scythe!
Ouch! That really hurt!
You die...

#..†... #..#.#. #...†..
##############....##
♣♣♣##...............<...
♣.P#.........#.####...#.
.PP...#......(. ##.##.
♣P....@.#.#.# .......#
#)..@.....# ####.##.
##....###.## #. #.
#....#(#..# #. ##
#....###....# #.###
######## ##.##.....##.#
#.... #.#....# #..#
##.#.##.# ##### #.####.#
#..# #.#.##.# # #.# #.#
#..# #.#.##.########
#.####.#####..#
#.#.##.#.......


You could see Sigmund.

Vanquished Creatures
  An ooze (D:2)
  A dart slug (D:1)
  A giant gecko (D:2)
  A ball python (D:1)
  A giant cockroach (D:2)
  A hobgoblin (D:2)
  2 jackals (D:2)
  3 giant newts
  3 rats
14 creatures vanquished.

Vanquished Creatures (others)
  A hobgoblin (D:1)
  A bat (D:1)
  A rat (D:1)
3 creatures vanquished.

Grand Total: 17 creatures vanquished

Notes
Turn   | Place    | Note
--------------------------------------------------------------
     0 | D:1      | M4edhros the Octopode Artificer began the quest for the Orb.
     0 | D:1      | Reached XP level 1. HP: 13/13 MP: 3/3
     1 | D:1      | Found a runed door.
   191 | D:2      | Reached XP level 2. HP: 17/18 MP: 4/4
   499 | D:2      | Noticed Sigmund
   509 | D:2      | Mangled by Sigmund

Vault maps used:
D:1:      dpeg_arrival_caged_fury, st_stairs_8, lemuel_flame_loot_1
D:2:      serial_glass, glass_columns_b, glass_columns_c,
          minmay_strange_pillars, item_on_display_a, lemuel_statue_altar,
          uniq_crazy_yiuf_cottage, uniq_sigmund, uniq_iyjb, uniq_terence

Skill      XL: |  1 |
---------------+----+-----
Stealth        | 3 |  3.9
Fighting       | |  1.0
Short Blades   | |  1.0
Dodging        | |  2.0
Evocations     | |  3.2

Action                   || total
-------------------------++-------
Melee: Short sword       ||    13
       Constrict         ||     9
       Tentacles         ||     4
       Dagger            ||    17
Evoke: Wand              ||     2
  Use: Scroll            ||     1
       Potion            ||     1
 Stab: Sleeping          ||     3
Armor: Skin              ||     3
Dodge: Dodged            ||    23
